 Dungeon Crawl Stone Soup version 0.23-a0-151-gf6d1ed2 (webtiles) character file.

11 AcePleiades the Caller (level 2, -4/27 HPs)
             Began as an Ogre Summoner on Sept 7, 2018.
             Slain by a kobold
             ... wielding a +0 mace
              (6 damage)
             ... on level 1 of the Dungeon.
             The game lasted 00:02:50 (718 turns).

AcePleiades the Caller (Ogre Summoner)               Turns: 718, Time: 00:02:50

Health: -4/27      AC:  3    Str: 11    XL:     2   Next: 25%
Magic:  5/5        EV: 10    Int: 16    God:
Gold:   45         SH:  0    Dex:  9    Spells: 5/6 levels left

rFire    . . .     SeeInvis .   b - +0 mace
rCold    . . .     Gourm    .   (no shield)
rNeg     . . .     Faith    .   a - +0 robe
rPois    .         Spirit   .   (helmet restricted)
rElec    .         Reflect  .   (no cloak)
rCorr    .         Harm     .   (gloves unavailable)
MR       .....                  (boots unavailable)
Stlth    +.........             (no amulet)
HPRegen  0.09/turn              (no ring)
MPRegen  0.09/turn              (no ring)

@: no status effects
A: large, unfitting armour, tough skin 1
a: no special abilities


You were on level 1 of the Dungeon.
You were not hungry.

You visited 1 branch of the dungeon, and saw 1 of its levels.

You collected 45 gold pieces.

Inventory:

Hand Weapons
 b - a +0 mace (weapon)
Armour
 a - a +0 robe (worn)
Potions
 d - a potion of heal wounds {unknown}
Comestibles
 c - 2 rations


   Skills:
 * Level 1.4 Fighting
 - Level 1.7 Dodging
 - Level 1.4 Stealth
 - Level 2.7 Spellcasting
 - Level 3.7 Summonings


You had 5 spell levels left.
You knew the following spells:

 Your Spells              Type           Power        Failure   Level  Hunger
a - Summon Small Mammal   Summ           ##..         4%          1    #......

Your spell library contained the following spells:

 Spells                   Type           Power        Failure   Level  Hunger
 Call Imp                 Summ           ##......     6%          2    ##.....
 Call Canine Familiar     Summ           ##......     12%         3    ###....
 Summon Guardian Golem    Hex/Summ       #.......     26%         3    ###....
 Summon Ice Beast         Ice/Summ       #.......     65%         4    #####..
 Summon Lightning Spire   Summ/Air       #.......     65%         4    #####..


Dungeon Overview and Level Annotations

Branches:
Dungeon (1/15)

Altars:


Innate Abilities, Weirdness & Mutations

You are too large for most types of armour.
You have tough skin. (AC +1)


Message History

The stone closely misses you.
Your rat bites the kobold.
The kobold throws a stone.
The stone closely misses your rat. The stone hits you.
Your rat bites the kobold but does no damage.
The kobold barely misses your rat.
Your rat closely misses the kobold.
Your rat completely misses the kobold.
The kobold hits your rat with a mace.
Your rat dies!
Your rat's corpse disappears in a puff of smoke!
The kobold shouts!
The kobold hits you with a mace.
* * * LOW HITPOINT WARNING * * *
You see here 3 stones.
You closely miss the kobold.
The kobold is heavily wounded.
The kobold hits you with a mace.
* * * LOW HITPOINT WARNING * * *
You closely miss the kobold.
The kobold is heavily wounded.
The kobold closely misses you. The kobold hits you with a mace.
You die...

.###.########.##.## #.
..# ##))..#
#.###.#######..####
#.....#.....).##
.####.....#....#########
........(#....####.....
.##.......#.....).......
.....#....#....####.....
......K@..#....# #.....
.#.#..#.#(.(.### #.....
.... #(###### #.....
##.# #......# #.....
.............# #.....
###.###....).# #.....
#......# ###### #......#
#......#


You could see a kobold.

Vanquished Creatures
  2 giant cockroaches (D:1)
  4 hobgoblins (D:1)
  A bat (D:1)
  A frilled lizard (D:1)
8 creatures vanquished.

Vanquished Creatures (collateral kills)
  A hobgoblin (D:1)
  A kobold (D:1)
  A rat (D:1)
3 creatures vanquished.

Grand Total: 11 creatures vanquished

Notes
Turn   | Place    | Note
-------+----------+-------------------------------------------
     0 | D:1      | AcePleiades the Ogre Summoner began the quest for the Orb.
     0 | D:1      | Reached XP level 1. HP: 16/16 MP: 3/3
   505 | D:1      | Reached XP level 2. HP: 26/26 MP: 5/5
   524 | D:1      | Reached skill level 1 in Fighting
   718 | D:1      | Slain by a kobold

Vault maps used:
D:1:      lordsloth_arrival_two_stooges

Skill      XL: |  1  2 |
---------------+-------+-----
Fighting       | 1 |  1.4
Dodging        | |  1.7
Stealth        | |  1.4
Spellcasting   | |  2.7
Summonings     | |  3.7

Action                   || total
-------------------------++-------
Melee: Mace              ||    54
 Cast: Summon Small Mamm ||    10
 Stab: Sleeping          ||     1
Armor: Robe              ||    16
Dodge: Dodged            ||    35

Table legend:
 A = Non-vault XP
 B = Vault XP
 C = Vault XP percentage of total XP
 D = Non-vault monster count
 E = Vault monster count
 F = Vault count percentage of total count
                 A         B        C        D         E       F
            +---------+---------+-------+---------+---------+-------
      Total |      16 |       0 |   0.0 |      11 |       0 |   0.0
            +---------+---------+-------+---------+---------+-------
        D:1 |      16 |       0 |   0.0 |      11 |       0 |   0.0
            +---------+---------+-------+---------+---------+-------
